 Dungeon Crawl Stone Soup version 0.30-a0-414-gcb316572d5 (webtiles) character file.

Game seed: 6309489434938374301

631 zishaf the Trooper (level 7, -8/54 HPs)
             Began as a Djinni Venom Mage on Dec 7, 2022.
             Mangled by Duvessa
             ... wielding a +0 short sword
              (10 damage)
             ... on level 4 of the Dungeon.
             The game lasted 00:04:24 (3297 turns).

zishaf the Trooper (Djinni Venom Mage)              Turns: 3297, Time: 00:04:24

Health: -8/54      AC:  6    Str:  7    XL:     7   Next: 78%
Gold:   335        EV: 12    Int: 24    God:
                   SH:  0    Dex: 13

rFire   + + .      SeeInvis .    h - +3 dagger (venom)
rCold   x . .      Faith    .    (no shield)
rNeg    . . .      Spirit   .    t - +2 robe of the Vestibule of Hell {Int+5 Archmagi}
rPois   ∞          Reflect  .    (no helmet)
rElec   .          Harm     .    (no cloak)
rCorr   .          Rampage  .    p - +1 pair of gloves
Will    .....      Archmagi +    (boots unavailable)
Stlth   ++........               (no amulet)
HPRegen 0.29/turn                (no ring)
MPRegen 0.00/turn                (no ring)

@: flying
A: sickness immunity, fire resistance 2, cold vulnerability 1, float, innate
caster, HP casting, extra vitality 1
a: no special abilities


You were on level 4 of the Dungeon.
You visited 1 branch of the dungeon, and saw 4 of its levels.

You collected 335 gold pieces.

Inventory:

Hand Weapons
 c - a +2 whip of freezing
 h - a +3 dagger of venom (weapon)
 q - the +1 spear of Omechiol {drain, rElec}
   (You found it on level 3 of the Dungeon)

   A truly terrible weapon, it drains the life of any living foe it strikes.
   rElec:     It insulates you from electricity.
Missiles
 m - a throwing net
Armour
 p - a +1 pair of gloves (worn)
 t - the +2 robe of the Vestibule of Hell (worn) {Int+5 Archmagi}
   (You found it on level 4 of the Dungeon)

   Int:       It affects your intelligence (+5).
   Archmagi:  It increases the power of your magical spells.
Scrolls
 b - a scroll of immolation {unknown}
 k - 3 scrolls of magic mapping
 s - a scroll of noise {unknown}
Potions
 d - a potion of degeneration {unknown}
 e - 3 potions of curing
 f - 2 potions of heal wounds {unknown}
 g - a potion of lignification {unknown}
 i - a potion of might {unknown}
 j - 2 potions of mutation
 l - a potion of brilliance {unknown}
 n - 2 potions of cancellation
 o - a potion of haste {unknown}
 r - a potion of attraction {unknown}


   Skills:
 + Level 5.3 Fighting
 - Level 2.1 Dodging
 - Level 1.5 Stealth
 + Level 4.9 Spellcasting


You couldn't memorise any spells.
You knew the following spells:

 Your Spells              Type           Power      Damage    Failure   Level
a - Sting                 Tmut/Pois      100%       1d8       1%          1
b - Poisonous Vapours     Pois/Air       88%        N/A       1%          2
c - Sandblast             Erth           88%        2d18      1%          1
z - Mephitic Cloud        Conj/Pois/Air  44%        N/A       3%          3
A - Olgreb's Toxic Radia  Pois           44%        N/A       12%         4
B - Call Canine Familiar  Summ           44%        N/A       3%          3
P - Passwall              Tmut/Erth      36%        N/A       1%          2
Your spell library was empty.

Dungeon Overview and Level Annotations

Branches:
Dungeon (4/15)
 Temple: D:4-7

Altars:
Cheibriados
Elyvilon
The Shining One

Annotations:
D:4 Duvessa


Innate Abilities, Weirdness & Mutations

You are immune to sickness and miasma.
You are immune to poison.
Your flesh is very heat resistant. (rF++)
You are vulnerable to cold. (rC-)
You float through the air rather than walking.
You learn spells naturally, not from books.
Your magical power is your life essence.
You have superior vitality. (+4 MHP)


Message History

Confirm with . or Enter, or press ? or * to list all spells.
Aiming: Sandblast (safe; 1% risk of failure)
Press: ? - help, Shift-Dir - straight line, f/p - Duvessa
Aim: Duvessa, wielding a +0 short sword and wearing a +0 chain mail (severely wounded, berserk, 91% to hit)
You feel a surge of power!
The blast of sand hits Duvessa.
Duvessa is severely wounded.
Duvessa hits you with a +0 short sword. Duvessa hits you with a +0 short sword!
Casting: Sandblast (safe; 1% risk of failure)
Confirm with . or Enter, or press ? or * to list all spells.
Aiming: Sandblast (safe; 1% risk of failure)
Press: ? - help, Shift-Dir - straight line, f/p - Duvessa
Aim: Duvessa, wielding a +0 short sword and wearing a +0 chain mail (severely wounded, berserk, 91% to hit)
You feel a surge of power!
The blast of sand hits Duvessa.
Duvessa is almost dead.
Duvessa hits you with a +0 short sword.
* * * LOW HITPOINT WARNING * * *
Duvessa hits you with a +0 short sword.
* * * LOW HITPOINT WARNING * * *
Casting: Sandblast (safe; 1% risk of failure)
Confirm with . or Enter, or press ? or * to list all spells.
Aiming: Sandblast (safe; 1% risk of failure)
Press: ? - help, Shift-Dir - straight line, f/p - Duvessa
Aim: Duvessa, wielding a +0 short sword and wearing a +0 chain mail (almost dead, berserk, 91% to hit)
You feel a surge of power!
The blast of sand hits Duvessa.
Duvessa is almost dead.
* * * LOW HITPOINT WARNING * * *
Duvessa hits you with a +0 short sword!
* * * LOW HITPOINT WARNING * * *
Duvessa misses you.
Casting: Sandblast (safe; 1% risk of failure)
Confirm with . or Enter, or press ? or * to list all spells.
Aiming: Sandblast (safe; 1% risk of failure)
Press: ? - help, Shift-Dir - straight line, f/p - Duvessa
Aim: Duvessa, wielding a +0 short sword and wearing a +0 chain mail (almost dead, berserk, 91% to hit)
You feel a surge of power!
The blast of sand hits Duvessa but does no damage.
Duvessa is almost dead.
* * * LOW HITPOINT WARNING * * *
Duvessa hits you with a +0 short sword!
You die...

*#####* *** ** *
***$....#####***,* ***,
*******,,..........,,,,* **,,,
,,,,,,,,,.........,,,,.## **,,,,
,,,,,,,,,.........,,,...# *#...,,
*,,,,,,,,.....)..#***#..###....**
*****,,,,......e.#####........#*
**,,,,.......@............#*
*,,,,,....................#
*,,,,,...................#####
*,,,,,.......##.........###...
*,,,,,.......*####.....##..<(.
*,,,,,.......* ###..........
*,,,,,......#* ##.........
*,,,,,...###* ##.........
*,,,,,*##* #..........


You could see Duvessa (berserk).

Vanquished Creatures
  An ogre (D:4)
  A phantom (D:4)
  A bullfrog (D:4)
  Dowan (D:4)
  A howler monkey (D:4)
  A hound (D:4)
  Natasha (thrice) (D:2)
  2 iguanas (D:4)
  An orc wizard (D:4)
  8 adders
  A worm (D:2)
  2 dart slugs (D:1)
  9 orcs
  8 endoplasms
  5 giant cockroaches
  4 goblins
  8 hobgoblins
  A quokka (D:1)
  4 ball pythons
  3 bats
  2 frilled lizards
  4 kobolds
  3 rats
74 creatures vanquished.

Vanquished Creatures (others)
  9 plants (D:3)
9 creatures vanquished.

Grand Total: 83 creatures vanquished

Notes
Turn   | Place    | Note
-------+----------+-------------------------------------------
     0 | D:1      | zishaf the Djinni Venom Mage began the quest for the Orb.
     0 | D:1      | zishaf set off with the following spells memorised: Sting,
                  | Poisonous Vapours, Mephitic Cloud, Olgreb's Toxic Radiance.
     0 | D:1      | Reached XP level 1. HP: 15/15 MP: 0/0
   309 | D:1      | Reached XP level 2. HP: 22/22 MP: 0/0
   337 | D:1      | Reached skill level 1 in Fighting
   891 | D:1      | Reached XP level 3. HP: 20/27 MP: 0/0
   891 | D:1      | Learned a level 1 spell: Sandblast
  1257 | D:2      | Reached skill level 2 in Fighting
  1288 | D:2      | Noticed Natasha
  1293 | D:2      | Killed Natasha
  1294 | D:2      | Reached XP level 4. HP: 21/34 MP: 0/0
  1406 | D:2      | Noticed Natasha
  1412 | D:2      | Killed Natasha
  1446 | D:2      | Noticed Natasha
  1451 | D:2      | Killed Natasha
  1452 | D:2      | Reached skill level 3 in Fighting
  1452 | D:2      | Reached XP level 5. HP: 31/40 MP: 0/0
  1452 | D:2      | Learned a level 2 spell: Passwall
  2293 | D:3      | Identified the +1 spear of Omechiol {drain, rElec}
  2584 | D:4      | Found a white marble altar of Elyvilon.
  2591 | D:4      | Found a glowing golden altar of the Shining One.
  2627 | D:4      | Reached XP level 6. HP: 39/46 MP: 0/0
  2711 | D:4      | Found a snail-covered altar of Cheibriados.
  2861 | D:4      | Reached skill level 4 in Fighting
  3020 | D:4      | Reached XP level 7. HP: 52/53 MP: 0/0
  3020 | D:4      | Learned a level 3 spell: Call Canine Familiar
  3115 | D:4      | Reached skill level 5 in Fighting
  3224 | D:4      | Identified the +2 robe of the Vestibule of Hell {Int+5
                  | Archmagi}
  3279 | D:4      | Noticed Dowan
  3281 | D:4      | Noticed Duvessa
  3286 | D:4      | Killed Dowan
  3297 | D:4      | Mangled by Duvessa

Illustrated notes

Levels and vault maps discovered:
D:1:      noname_arrival_rooms_in_the_neighbourhood, layout_loops_corners
D:2:      layout_rooms, uniq_natasha
D:3:      wad_lake_hut, layout_basic
D:4:      layout_cave_pods, mainiacjoe_overflow_catwalk_spiral,
          amcnicky_altar_gilded, kennysheep_big_empty_room, st_stairs_11,
          uniq_duvessa

Skill      XL: |  1  2  3  4  5  6  7 |
---------------+----------------------+-----
Fighting       | 1 2 3 4 5 |  5.3
Spellcasting   | 3 4 |  4.9
Dodging        | |  2.1
Stealth        | |  1.5

Action                   |  1- 3 |  4- 6 |  7- 9 || total
-------------------------+-------+-------+-------++-------
Melee: Whip              |    20 |       |       ||    20
 Cast: Sting             |    21 |       |       ||    21
       Sandblast         |    15 |    52 |    25 ||    92
       Poisonous Vapours |     1 |    16 |       ||    17
       Mephitic Cloud    |       |     3 |     2 ||     5
       Olgreb's Toxic Ra |       |     1 |     1 ||     2
  Use: Scroll            |       |     6 |     1 ||     7
 Stab: Sleeping          |     1 |       |       ||     1
Armor: Robe              |     5 |     3 |     4 ||    12
Dodge: Dodged            |    20 |    19 |     8 ||    47

Table legend: (Time is in decaauts)
 A = Elapsed time spent in this place.
 B = Non-inter-level travel time spent in this place.
 C = Inter-level travel time spent in this place.
 D = Time resting spent in this place.
 E = Time spent auto-exploring this place.
 F = Levels seen in this place.
 G = Mean time per level.
                   A        B        C        D        E       F      G
               +--------+--------+--------+--------+--------+-----+--------+
         Total |   3342 |   3239 |    103 |    119 |   2651 |   4 |  835.5 |
       Dungeon |   3342 |   3239 |    103 |    119 |   2651 |   4 |  835.5 |
               +--------+--------+--------+--------+--------+-----+--------+

Top non-repeatable levels by time:
     D:1: 1102 daAuts
     D:3: 874 daAuts
     D:4: 751 daAuts
     D:2: 614 daAuts
